 Dungeon Crawl Stone Soup version 0.29.1 (webtiles) character file.

Game seed: 438865676441745974

618 qw the Chopper (level 7, -2/43 HPs)
             Began as a Gargoyle Fighter on Sept 13, 2022.
             Slain by an orc warrior
             ... wielding a +0 trident
              (11 damage)
             ... on level 6 of the Dungeon.
             The game lasted 00:01:44 (3651 turns).

qw the Chopper (Gargoyle Fighter)                   Turns: 3651, Time: 00:01:45

Health: -2/43      AC: 16    Str: 22    XL:     7   Next: 45%
Magic:  7/7        EV:  6    Int:  8    God:
Gold:   290        SH:  4    Dex:  9    Spells: 6/6 levels left

rFire   . . .      SeeInvis .   Y - +1 war axe
rCold   . . .      Faith    .   c - +0 buckler
rNeg    + . .      Spirit   .   g - +0 plate armour
rPois   inf        Reflect  .   (no helmet)
rElec   +          Harm     .   (no cloak)
rCorr   .          Rampage  .   (no gloves)
Will    .....                   (no boots)
Stlth   ..........              j - amulet of regeneration
HPRegen 0.94/turn               (no ring)
MPRegen 0.10/turn               (no ring)

@: no status effects
A: sickness immunity, AC +4, negative energy resistance 1, electricity
resistance, torment resistance 1, petrification resistance
a: no special abilities


You were on level 6 of the Dungeon.
You visited 2 branches of the dungeon, and saw 7 of its levels.

You collected 290 gold pieces.


Innate Abilities, Weirdness & Mutations

You are immune to sickness and miasma.
Your stone body is resilient. (AC +4)
You are immune to poison.
You resist negative energy. (rN+)
You are resistant to electric shocks. (rElec)
You are resistant to unholy torment.
You are immune to petrification.


   Skills:
 + Level 4.0 Fighting
 - Level 7.1 Axes
 - Level 3.2 Armour
 - Level 3.2 Shields


You had 6 spell levels left.
You didn't know any spells.
Your spell library was empty.

Inventory:

Hand Weapons
 m - a +0 flail
 Y - a +1 war axe (weapon)
Armour
 c - a +0 buckler (worn)
 g - a +0 plate armour (worn)
Jewellery
 j - an amulet of regeneration (around neck)
Scrolls
 a - a scroll of identify
 h - 3 scrolls of blinking
Potions
 b - a potion of haste
 d - 2 potions of might
 e - a potion of curing
 i - a potion of heal wounds {unknown}
 l - a potion of berserk rage {unknown}

Dungeon Overview and Level Annotations

Branches:
Dungeon (7/15)             Temple (1/1) D:4

Altars:
Ashenzari
Cheibriados
Dithmenos
Elyvilon
Fedhas
Gozag
Kikubaaqudgha
Qazlal
Ru
Sif Muna
Trog
Vehumet
Xom
Yredelemnul
Zin


Message History

The orc warrior hits you but does no damage.
You closely miss the bullfrog.
The bullfrog is lightly wounded.
The bullfrog hits you but does no damage.
The orc warrior hits you but does no damage.
The bullfrog hits you but does no damage.
You slash the bullfrog!
The bullfrog is severely wounded.
The bullfrog barely misses you.
The orc warrior hits you from afar with a +0 trident.
The bullfrog hits you but does no damage.
The orc warrior completely misses you.
You barely miss the bullfrog.
The bullfrog is severely wounded.
The bullfrog hits you. You block the orc warrior's attack.
You block the bullfrog's attack.
You barely miss the bullfrog.
The bullfrog is severely wounded.
The bullfrog hits you but does no damage.
The orc warrior barely misses you.
You slash the bullfrog!
You kill the bullfrog!
You block the orc warrior's attack.
Your Axes skill increases to level 7!
You block the orc warrior's attack.
You hit the orc warrior but do no damage.
The orc warrior hits you but does no damage.
You hit the orc warrior but do no damage.
The orc warrior hits you with a +0 trident.
You slash the orc warrior!
The orc warrior is moderately wounded.
The orc warrior hits you but does no damage.
The orc warrior hits you with a +0 trident!
You completely miss the orc warrior.
The orc warrior is moderately wounded.
The orc warrior completely misses you.
You hit the orc warrior but do no damage.
The orc warrior is moderately wounded.
The orc warrior hits you with a +0 trident!
You die...

###########
#.........##########
#.........#.........
#.........#.........
#.........').?......
#....>....#.%....#
#....)....#)@....#
#.........#..o......
#.........#.....[##.
#.........#......#
#.........#........
#.........#########.
#..........


You could see an orc warrior.

Vanquished Creatures
  A bullfrog (D:6)
  2 scorpions
  A jelly (D:4)
  4 orc priests
  A hound (D:6)
  Ijyb (D:3)
  Terence (D:3)
  2 orc wizards (D:6)
  7 adders
  An ufetubus (D:4)
  4 worms
  4 dart slugs
  6 orcs
  A ball python (D:3)
  4 endoplasms
  5 giant cockroaches
  8 goblins
  9 hobgoblins
  5 quokkas
  9 bats
  3 frilled lizards (D:1)
  4 kobolds
  10 rats
93 creatures vanquished.

Notes
Turn   | Place    | Note
-------+----------+-------------------------------------------
     0 | D:1      | qw the Gargoyle Fighter began the quest for the Orb.
     0 | D:1      | Reached XP level 1. HP: 14/14 MP: 1/1
     0 | D:1      | 0 ||| qw: Version: 0.1-a-119-g272c26d
     0 | D:1      | 0 ||| qw: Game counter: 11182
     0 | D:1      | 0 ||| qw: Always use a shield: true
     0 | D:1      | 0 ||| qw: God list: Okawaru
     0 | D:1      | 0 ||| qw: Allow faded altars: false
     0 | D:1      | 0 ||| qw: Do Orc after D:15 true
     0 | D:1      | 0 ||| qw: Do second Lair branch before Depths: true
     0 | D:1      | 0 ||| qw: Lair rune preference: random
     0 | D:1      | 0 ||| qw: Plans: Normal, Zot, God:TSO, Crypt, Tomb, Pan,
                  | Slime, Hells, Zig, Abyss, Orb
     0 | D:1      | 0 ||| PLANNING D:1-11
    41 | D:1      | 41 ||| Stepping ~*~*~tactically~*~*~ (hiding).
    49 | D:1      | Reached skill level 2 in Axes
   198 | D:1      | 198 ||| Stepping ~*~*~tactically~*~*~ (stealth).
   257 | D:1      | Reached XP level 2. HP: 19/19 MP: 2/2
   267 | D:1      | 267 ||| Stepping ~*~*~tactically~*~*~ (stealth).
   268 | D:1      | 268 ||| Stepping ~*~*~tactically~*~*~ (stealth).
   287 | D:1      | Found a faded altar of an unknown god.
   290 | D:1      | 290 ||| UPGRADING to +0 plate armour.
   300 | D:1      | 300 ||| DROPPING +0 scale mail.
   301 | D:1      | 301 ||| READING 2 scrolls labelled POAG FEPHAGHUC.
   302 | D:1      | 302 ||| READING scroll labelled WOAMYD SEOCRUM.
   303 | D:1      | 303 ||| Stepping randomly (stuck).
   304 | D:1      | 304 ||| Stepping randomly (stuck).
   306 | D:1      | 306 ||| Stepping randomly (stuck).
   308 | D:1      | 308 ||| Stepping randomly (stuck).
   460 | D:1      | 460 ||| DROPPING +0 club.
   474 | D:1      | 474 ||| Stepping ~*~*~tactically~*~*~ (hiding).
   548 | D:1      | 548 ||| Stepping ~*~*~tactically~*~*~ (stealth).
   555 | D:1      | Reached skill level 3 in Axes
   610 | D:1      | Reached XP level 3. HP: 23/23 MP: 3/3
   622 | D:1      | 622 ||| Stepping ~*~*~tactically~*~*~ (stealth).
   632 | D:1      | 632 ||| Stepping ~*~*~tactically~*~*~ (stealth).
   680 | D:1      | 680 ||| Stepping ~*~*~tactically~*~*~ (stealth).
   706 | D:1      | 706 ||| Stepping ~*~*~tactically~*~*~ (stealth).
   708 | D:1      | 708 ||| Stepping ~*~*~tactically~*~*~ (hiding).
  1150 | D:1      | 1150 ||| UPGRADING to amulet of regeneration.
  1155 | D:1      | 1155 ||| DROPPING ring of wizardry.
  1156 | D:1      | 1156 ||| READING scroll labelled FAMIQ WANEAVE.
  1157 | D:1      | 1157 ||| READING scroll labelled MIEW KA DAWK.
  1158 | D:1      | 1158 ||| READING 2 scrolls of identify.
  1158 | D:1      | 1158 ||| IDENTIFYING yellow potion
  1328 | D:2      | Reached XP level 4. HP: 28/28 MP: 4/4
  1438 | D:2      | Reached skill level 4 in Axes
  1605 | D:2      | 1605 ||| READING 3 scrolls labelled OGHADW DOMUR.
  1606 | D:2      | 1606 ||| READING scroll labelled CEDUURIDEI.
  1607 | D:2      | 1607 ||| DRINKING 3 coppery potions.
  1650 | D:3      | Noticed Ijyb
  1654 | D:3      | Paralysed by Ijyb for 5 turns
  1665 | D:3      | Killed Ijyb
  1703 | D:3      | 1703 ||| Stepping ~*~*~tactically~*~*~ (water).
  1727 | D:3      | Reached XP level 5. HP: 32/32 MP: 5/5
  1875 | D:3      | Reached skill level 5 in Axes
  1925 | D:3      | Noticed Terence
  1935 | D:3      | Killed Terence
  1936 | D:3      | Reached XP level 6. HP: 37/38 MP: 6/6
  1939 | D:3      | 1939 ||| DROPPING +0 whip.
  2020 | D:3      | 2020 ||| Stepping ~*~*~tactically~*~*~ (stealth).
  2022 | D:3      | 2022 ||| Stepping ~*~*~tactically~*~*~ (stealth).
  2322 | D:3      | 2322 ||| READING scroll labelled VIX XA NOCEAHI.
  2326 | D:3      | 2326 ||| READING scroll labelled YNEDUA ERIRACOT.
  2488 | D:4      | Found a staircase to the Ecumenical Temple.
  2489 | D:4      | 2489 ||| PLANNING TEMPLE
  2495 | D:4      | Reached skill level 6 in Axes
  2504 | Temple   | Entered the Ecumenical Temple
  2712 | Temple   | 2712 ||| PLANNING D:1-11
  3019 | D:4      | Found a broken altar of Ashenzari.
  3063 | D:4      | Found a sacrificial altar of Ru.
  3133 | D:4      | Reached XP level 7. HP: 25/43 MP: 7/7
  3599 | D:4      | You fall into a shaft and drop 3 floors!
  3600 | D:7      | 3600 ||| DROPPING amulet of guardian spirit.
  3618 | D:6      | 3618 ||| Stepping ~*~*~tactically~*~*~ (hiding).
  3631 | D:6      | 3631 ||| DRINKING 2 potions of curing.
  3631 | D:6      | 3631 ||| (to cure confusion)
  3646 | D:6      | Reached skill level 7 in Axes
  3649 | D:6      | HP: 7/43 [orc warrior/+0 trident (11)]
  3651 | D:6      | Slain by an orc warrior

Levels and vault maps discovered:
D:1:      psy_arrival_dodecagon, layout_basic, nicolae_ecumenical_lake_church,
          minmay_cupped
D:2:      layout_rooms, nicolae_wormholes
D:3:      layout_rooms, kennysheep_boxes, uniq_terence, uniq_ijyb
D:4:      layout_layer_cave, old_standard_altar, nicolae_ru_awakened_eye,
          temple_statues
D:6:      layout_gridville
D:7:      minmay_the_grid_square_5x5_3x3 [minmay_the_grid_square_5x5_corner,
          minmay_the_grid_square_5x5_comb, minmay_the_grid_square_5x5_c,
          minmay_the_grid_square_5x5_v,
          minmay_the_grid_square_5x5_megaprize_crossed,
          minmay_the_grid_square_5x5_z,
          minmay_the_grid_square_5x5_intrusive_squares,
          minmay_the_grid_square_5x5_seven, minmay_the_grid_square_5x5_minibox],
          layout_loops_cross, minmay_ruffians
Temple:   nicolae_temple_figure_eight

Skill      XL: |  1  2  3  4  5  6  7 |
---------------+----------------------+-----
Axes           | 2 3 4 5 6 7 |  7.1
Fighting       | 4 |  4.0
Armour         | |  3.2
Shields        | |  3.2

Action                   |  1- 3 |  4- 6 |  7- 9 || total
-------------------------+-------+-------+-------++-------
Melee: War axe           |   123 |   174 |    34 ||   331
  Use: Scroll            |     5 |     4 |       ||     9
       Potion            |       |     1 |     1 ||     2
Armor: Scale mail        |    19 |       |       ||    19
       Plate armour      |    71 |   125 |    41 ||   237
Dodge: Dodged            |    34 |    47 |    13 ||    94
Block: Buckler           |    23 |    23 |    12 ||    58

Table legend:
 A = Non-vault XP
 B = Vault XP
 C = Vault XP percentage of total XP
 D = Non-vault monster count
 E = Vault monster count
 F = Vault count percentage of total count
                 A         B        C        D         E       F
            +---------+---------+-------+---------+---------+-------
      Total |     794 |      89 |  10.1 |      87 |       6 |   6.5
            +---------+---------+-------+---------+---------+-------
        D:1 |      54 |       2 |   3.6 |      32 |       1 |   3.0
        D:2 |      44 |      10 |  18.5 |      12 |       2 |  14.3
        D:3 |     256 |      72 |  22.0 |      23 |       2 |   8.0
        D:4 |     193 |       5 |   2.5 |      13 |       1 |   7.1
        D:6 |     247 |       0 |   0.0 |       7 |       0 |   0.0
            +---------+---------+-------+---------+---------+-------
